[Event "Czech Open-GM 2022"]
[Site "Pardubice"]
[Date "2022.07.23"]
[Round "2.5"]
[White "Gnojek, Petr"]
[Black "Lokander, Martin"]
[Result "1-0"]
[ECO "A58"]
[WhiteElo "2295"]
[BlackElo "2483"]
[Annotator "TA"]
[PlyCount "87"]
[EventDate "2022.07.22"]
[EventType "swiss"]
[EventCountry "CZE"]
[SourceTitle "playchess.com"]
[Source "ChessBase"]
[SourceQuality "1"]
[TimeControl "40/5400+30:1800+30"]

1. d4 Nf6 2. c4 c5 3. d5 b5 4. cxb5 a6 5. bxa6 e6 6. Nc3 {[%emt 0:03:31] A58: Benko/Volga Gambit: Lines with 5 bxa6.} exd5 7. Nxd5 Nxa6 8. g3 {[%emt 0:10:20] White is slightly better.} Nxd5 9. Qxd5 Ra7 {[%emt 0:01:12] [#] And now ...Bb7 would win.} 10. Bd2 $146 (10. Nf3 $11) ({Predecessor:} 10. Bg2 Be7 11. Nf3 Nb4 12. Qb3 c4 13. Qc3 Rxa2 14. Rxa2 Nxa2 15. Qxc4 Nxc1 16. Qxc1 {1-0 (42) Jelen,I (2422)-Kavcic,Z (2337) Ljubljana 2015}) 10... Bb7 $15 {[%emt 0:05:25][%mdl 1024] Black has compensation.} 11. Qe5+ Be7 12. Nf3 $1 ({Don't blunder} 12. Qxg7 $2 Bf6 13. Qh6 Bxh1 $19) 12... O-O 13. Bg2 ({White should play} 13. Bc3 $15 Bf6 14. Qf5) 13... d5 (13... Bf6 $17 14. Qf5 Bxb2) 14. O-O $11 Bf6 15. Bg5 $1 {[%emt 0:01:09][%cal Bd2g5,Bg5d8,Bd8b6][%mdl 32] Black must now prevent Bxf6.} Bxe5 16. Bxd8 Bxb2 17. Bb6 Bxa1 18. Bxa7 Bf6 19. Rb1 Ba8 20. Rb5 Be7 21. Ne5 Nc7 (21... Re8 $11 {remains equal.}) 22. Ra5 $16 {[%emt 0:03:21] 0x0.0013b8fa37bbdp-1022s more active pieces.} ({Not} 22. Bxc5 $2 Nxb5 23. Bxe7 Re8 $19) 22... Ne6 {[%emt 0:00:36] [#]} (22... c4 $1 $14) 23. Nd7 $1 Re8 24. Bxc5 Nxc5 25. Nxc5 g6 26. e3 ({White should try} 26. Nb3) 26... Bc6 27. Nb3 Ra8 28. Rxa8+ Bxa8 {[%emt 0:00:12][%mdl 4096] Endgame KBB-KBN} 29. Nd4 Bf6 30. Nb5 Be5 31. f4 Bb8 32. Kf2 Kf8 33. Nc3 Ke7 $2 {[%emt 0:00:15][%mdl 8192] This move loses the game for Black.} (33... Bc7 $16 {is a better chance.} 34. Bxd5 Ba5 35. Bxa8 Bxc3) 34. Bxd5 $18 {[%emt 0:01:44] White is clearly winning.} Bxd5 35. Nxd5+ {[%emt 0:00:04] KB-KN} Kd6 36. e4 h5 (36... Ba7+ $142 37. Kf3 Bd4) 37. Kf3 Kc5 38. Nf6 {[%emt 0:00:36] [#] Nd7+ is the strong threat.} Kd4 39. h4 Bc7 40. Nd7 Bd6 41. Ne5 f5 42. Nc6+ Kc5 43. Nd8 Kd4 44. Ne6+ {[%emt 0:00:13] Weighted Error Value: White=0.11 (very precise) /Black=0.46} 1-0

[Event "Czech Open-GM 2022"]
[Site "Pardubice"]
[Date "2022.07.23"]
[Round "2.6"]
[White "Brejnik, Gustav"]
[Black "Stachowiak, Kamil"]
[Result "0-1"]
[ECO "A58"]
[WhiteElo "2292"]
[BlackElo "2476"]
[Annotator "TA"]
[PlyCount "104"]
[EventDate "2022.07.22"]
[EventType "swiss"]
[EventCountry "CZE"]
[SourceTitle "playchess.com"]
[Source "ChessBase"]
[SourceQuality "1"]
[TimeControl "40/5400+30:1800+30"]

1. d4 Nf6 2. c4 c5 3. d5 b5 4. cxb5 a6 5. bxa6 g6 6. Nc3 {[%emt 0:00:05] A58: Benko/Volga Gambit: Lines with 5 bxa6.} Bg7 7. e4 {[%emt 0:00:54] Strongly threatening e5.} O-O 8. Be2 {[%emt 0:09:36] White is slightly better.} Qa5 9. a7 Qxa7 {[%emt 0:07:08] [#]} (9... Nxe4 $1 $11 10. axb8=R (10. axb8=Q Rxb8 11. Kf1 Nxc3 $11) 10... Rxb8) 10. e5 $146 ({Predecessor:} 10. Nf3 d6 11. O-O Ba6 12. Nd2 Nbd7 13. a4 Rfb8 14. Ra3 Rb4 15. b3 Ne8 16. Bxa6 Qxa6 {0-1 (81) O'Gorman,T (2357)-Onslow,A (2077) Chess.com INT 2022}) 10... Ne8 11. Nf3 d6 12. e6 fxe6 13. Ng5 (13. h4 $11) 13... Nc7 (13... exd5 $1 $17 14. Nxd5 (14. Qxd5+ e6 $17) 14... Nc6) 14. O-O $11 e5 15. Bf3 Qb6 16. h4 Ra7 {[%emt 0:05:27] [#]} (16... Qb7 $11) 17. h5 $1 $16 h6 18. Ne6 (18. Nge4 $16) 18... Nxe6 19. dxe6 g5 20. Nd5 Qd8 21. Bg4 (21. b4 $11 {remains equal.}) 21... Nc6 $17 22. Be3 Nd4 23. Bxd4 exd4 24. Re1 (24. a4 $17) 24... Bb7 $19 25. Bf3 Rf5 26. Qb3 g4 27. Be4 Bxd5 ({Much weaker is} 27... Rxh5 $6 28. Nf4 c4 29. Qxc4 $11) 28. Bxd5 Rxh5 29. Re4 {[%emt 0:01:09] [#]} (29. Rad1 $17 {keeps fighting.}) 29... Rg5 $2 ({Better is} 29... c4 $1 $19 30. Bxc4 d5 31. Rxg4 dxc4 32. Qxc4 Kh8) 30. Rf4 $1 $15 Ra6 $1 {[%emt 0:01:04] aiming for ...Rb6.} 31. Qb7 (31. Qd3 $15 Rb6 32. Rf7) 31... Rb6 $19 32. Qd7 Rb8 33. Qc6 Rc8 ({Wrong is} 33... Rxb2 $2 34. Rf7) 34. Qb7 Rc7 $2 ({Black should play} 34... c4 $19 {Threatens to win with ...Rc7.} 35. Rd1 Qc7 36. Qxc7 Rxc7 37. Rfxd4 Bxd4 38. Rxd4 c3 39. bxc3 Rxc3) 35. Qb3 $15 Qc8 $36 {[%emt 0:01:56][%mdl 2048] ...c4 is the strong threat. Black fights for an advantage.} 36. Rf7 $2 {[%emt 0:01:12][%mdl 8192] White is on the road to losing.} ({White must play} 36. Qc4 $1 $15) 36... c4 $19 37. Qc2 (37. Qb5 Bf8 38. Rc1) 37... d3 (37... Rxd5 $2 {gets mated.} 38. Qg6 Rg5 39. Rxg7+ Kh8 40. Qxh6#) 38. Rxg7+ Kxg7 39. Qc3+ Kg8 40. Be4 Re5 41. Re1 Qxe6 42. f3 gxf3 43. gxf3 Qf6 {[%emt 0:00:16] And now ...Qh4 would win.} 44. Kf2 Rcc5 45. a4 Kg7 46. Qd4 Qh4+ 47. Kf1 Qh1+ 48. Kf2 Qh4+ 49. Kf1 Kf8 {[%emt 0:01:00] ( -> ...Rg5)} 50. a5 Rg5 {[%emt 0:01:21] Black mates.} 51. Qh8+ Rg8 52. Qc3 Qh2 {[%emt 0:00:47] Weighted Error Value: White=1.19/Black=0.68} 0-1

[Event "Czech Open-GM 2022"]
[Site "Pardubice"]
[Date "2022.07.23"]
[Round "2.7"]
[White "Haring, Filip"]
[Black "Kokoszczynski, Jan"]
[Result "1/2-1/2"]
[ECO "C54"]
[WhiteElo "2451"]
[BlackElo "2297"]
[Annotator "TA"]
[PlyCount "73"]
[EventDate "2022.07.22"]
[EventType "swiss"]
[EventCountry "CZE"]
[SourceTitle "playchess.com"]
[Source "ChessBase"]
[SourceQuality "1"]
[TimeControl "40/5400+30:1800+30"]

1. e4 e5 2. Nf3 Nc6 3. Bc4 Bc5 4. c3 Nf6 5. d3 d6 6. O-O a6 7. Bb3 Ba7 8. Nbd2 h6 {[%emt 0:01:17] C54: Giuoco Piano: 4 c3 Nf6, main lines with 5 d4 and 5 d3.} 9. Re1 g5 10. Nf1 g4 11. N3d2 h5 $1 12. Nc4 b5 (12... d5 $2 13. exd5 Nxd5 14. Nxe5 $18) (12... h4 $11) 13. Nce3 $14 h4 14. d4 {[%emt 0:15:10] [#]} Kf8 $146 (14... h3 $11) ({Predecessor:} 14... exd4 15. Nd5 Rg8 16. Bf4 Nh5 17. Qd2 g3 18. Kh1 gxf2 19. Qxf2 dxc3 20. Be3 Bxe3 21. Rxe3 {½-½ (35) Jedinger,A (2181)-Hajdarevic,D (2118) Austria 2013}) 15. Bd5 $16 Nxd5 16. exd5 exd4 17. dxc6 ({But not} 17. Nxg4 Bxg4 18. Qxg4 Ne5 $14) 17... dxe3 18. Bxe3 Bxe3 19. Nxe3 Rg8 20. Nd5 {[%emt 0:07:39] Threatens to win with Qd2.} Be6 21. a4 (21. Re4 $16) 21... Bxd5 $11 22. Qxd5 Qg5 23. Qd4 (23. Qd3 $5 Kg7 24. Re4 $14) 23... Rg7 (23... h3 $11) 24. Re3 Kg8 25. a5 Rg6 26. Rae1 {[%emt 0:05:25] [#] Intending Re8+ and mate. 0x0.0013b8ecd36edp-1022s more active pieces.} Re6 {[%emt 0:00:43] Prevents Re8+.} 27. Kf1 Rae8 {[%emt 0:01:38] The position is equal.} 28. Rxe6 Rxe6 29. Rxe6 fxe6 {[%emt 0:00:04][%mdl 4096] Endgame KQ-KQ} 30. Ke2 Qf5 31. f3 gxf3+ 32. gxf3 Qc2+ 33. Qd2 Qf5 34. Qd4 Qc2+ 35. Qd2 Qf5 36. Qd4 Qc2+ 37. Qd2 {[%emt 0:00:06] Weighted Error Value: White=0.13 (very precise) /Black=0.09 (flawless)} 1/2-1/2

[Event "Czech Open-GM 2022"]
[Site "Pardubice"]
[Date "2022.07.23"]
[Round "2.8"]
[White "Kulon, Klaudia"]
[Black "Brodowski, Piotr"]
[Result "0-1"]
[ECO "A45"]
[WhiteElo "2286"]
[BlackElo "2450"]
[Annotator "TA"]
[PlyCount "70"]
[EventDate "2022.07.22"]
[EventType "swiss"]
[EventCountry "CZE"]
[SourceTitle "playchess.com"]
[Source "ChessBase"]
[SourceQuality "1"]
[TimeControl "40/5400+30:1800+30"]

1. d4 Nf6 2. Nc3 d5 3. Bf4 e6 4. Qd2 c5 5. e3 a6 6. f3 {[%emt 0:01:28] D00: 1 d4 d5: Unusual lines.} Nc6 7. g4 Be7 8. Nge2 {[%emt 0:04:14] [#] Black is slightly better.} O-O $146 ({Predecessor:} 8... b5 9. Kf2 g5 10. Bg3 h5 11. gxh5 Rxh5 12. Kg2 Bb7 13. h3 Qd7 14. a4 b4 {½-½ (58) Rasulov,V (2527)-Kazimova,N (2264) Mersin 2018}) 9. h4 b5 10. h5 Nd7 11. Bg3 b4 12. Nd1 e5 13. dxc5 Nxc5 14. Nf2 Be6 15. f4 f6 {[%emt 0:05:05] Black is more active.} 16. Bg2 e4 17. Nd4 Nxd4 18. exd4 Na4 19. f5 Bd7 20. Nd1 Bb5 21. b3 Nc3 22. Nxc3 bxc3 23. Qf4 Ba3 24. h6 g5 25. fxg6 hxg6 26. h7+ Kh8 {[%emt 0:00:04] Threatens to win with ...g5.} 27. g5 $1 Be7 (27... fxg5 28. Qe5+ Qf6 29. Rd1 $11) 28. a4 {[%emt 0:00:38] [#]} (28. Qe3 $142) 28... Bd7 $1 $17 ({Don't take} 28... fxg5 29. Qe5+ Bf6 {[#]} 30. axb5 $1 $16) 29. O-O-O (29. Bf1 $17 {is a better defense.}) 29... Bxa4 30. Qc7 {[%emt 0:06:55] Against Qb6} (30. bxa4 $2 {is a self mate.} Ba3+ 31. Kb1 Qb6+ 32. Ka2 Qb2#) (30. gxf6 {might work better.} Bxf6 31. Qd6 (31. bxa4 $2 Bg5 $19)) 30... Qxc7 $19 {[%emt 0:01:16] Really sharp!} 31. Bxc7 {[%emt 0:00:04] Black must now prevent gxf6.} Bd7 32. Rdf1 Rac8 33. gxf6 $2 (33. Bf4 $17) 33... Ba3+ {[%emt 0:00:05] Black is clearly winning.} (33... Rxc7 $2 34. fxe7 Rf5 35. Bh3 $18) 34. Kb1 Rxc7 35. Rh6 Bf5 {[%emt 0:00:15] Weighted Error Value: White=0.42/Black=0.10 (very precise)} 0-1

[Event "Czech Open-GM 2022"]
[Site "Pardubice"]
[Date "2022.07.23"]
[Round "2.9"]
[White "Pantzar, Milton"]
[Black "Chylewski, Patryk"]
[Result "1-0"]
[ECO "E46"]
[WhiteElo "2447"]
[BlackElo "2294"]
[Annotator "TA"]
[PlyCount "89"]
[EventDate "2022.07.22"]
[EventType "swiss"]
[EventCountry "CZE"]
[SourceTitle "playchess.com"]
[Source "ChessBase"]
[SourceQuality "1"]
[TimeControl "40/5400+30:1800+30"]

1. d4 Nf6 2. c4 e6 3. Nc3 Bb4 4. e3 O-O 5. Bd2 d5 6. Nf3 Nbd7 7. Rc1 b6 8. cxd5 exd5 9. Bd3 Bb7 10. O-O a6 {[%emt 0:14:18] E52: Nimzo-Indian: Rubinstein: 4...0-0 5 Nf3 d5 6 Bd3 b6.} 11. Ne5 Nxe5 12. dxe5 Bxc3 {[%emt 0:00:13] White is slightly better.} 13. Bxc3 (13. bxc3 Ne4 $11) 13... Ne4 14. Bb4 c5 15. Be1 {[#]} f5 $146 ({Predecessor:} 15... Qg5 16. f4 Qe7 17. Qh5 f5 18. Rd1 Qe6 19. Bxe4 fxe4 20. f5 Qxe5 21. Bc3 Qe8 {1-0 (40) Demidov,M (2564)-Lauber,A (2420) Germany 2019}) 16. b4 Qe7 17. f3 Ng5 18. bxc5 bxc5 {[%emt 0:00:51][%cal Bb6c5,Bc5c4][%mdl 32] [#]} 19. Qc2 (19. f4 $1 $16 Ne4 20. Bxe4 fxe4 21. Qg4) 19... c4 $11 20. Bxf5 {[%emt 0:00:37] And now f4 would win.} Qxe5 21. Bg4 Qxe3+ 22. Bf2 {[%emt 0:00:17] A strong pair of Bishops.} Qf4 23. Rcd1 Qf7 24. Qb2 Bc8 25. Qe5 h6 {[%emt 0:06:05] Black wants to play ...Bxg4.} 26. Bxc8 Raxc8 27. Qxd5 Ne6 28. Be3 {[%emt 0:01:18] Against Nf4} (28. Rfe1 $5 Nf4 29. Qxf7+ Rxf7 30. Kf1 $15) 28... Rfd8 29. Qe4 Nf8 30. Rxd8 Rxd8 31. Rc1 Rc8 32. Bd4 Ng6 33. Rb1 Re8 (33... c3 $5 34. Rc1 Re8 $11) 34. Qc6 Nf4 {[%emt 0:00:30] [#] aiming for ...Ne2+.} 35. Kf1 Re6 36. Qc8+ ({Much worse is} 36. Rb8+ Kh7 37. Qb7 (37. Qc8 $2 Qe7 $19) 37... Re7 $17) 36... Re8 37. Qc6 $36 {[%emt 0:00:23][%mdl 2048] White has some pressure.} Nd3 38. Bc3 {[%emt 0:00:29] Hoping for Rb7.} Re6 (38... Re7 $1 $11) 39. Rb8+ $16 Kh7 40. Rb7 Rxc6 41. Rxf7 Kg6 {[%emt 0:06:36] This costs Black the game.} (41... Kg8 $16 {was necessary.} 42. Rxg7+ Kf8) 42. Rxg7+ $18 Kf5 43. Rf7+ Kg6 44. Rb7 Nc1 $2 (44... Kf5 45. Rh7 Kg6 46. Rg7+ Kf5) 45. g4 {[%emt 0:00:00] Weighted Error Value: White=0.15 (very precise) /Black=0.24 (precise)} 1-0

[Event "Czech Open-GM 2022"]
[Site "Pardubice"]
[Date "2022.07.23"]
[Round "2.10"]
[White "Strebkovs, Andrejs"]
[Black "Akesson, Ralf"]
[Result "1/2-1/2"]
[ECO "B22"]
[WhiteElo "2283"]
[BlackElo "2427"]
[Annotator "TA"]
[PlyCount "151"]
[EventDate "2022.07.22"]
[EventType "swiss"]
[EventCountry "CZE"]
[SourceTitle "playchess.com"]
[Source "ChessBase"]
[SourceQuality "1"]
[TimeControl "40/5400+30:1800+30"]

1. e4 c5 2. c3 d5 3. exd5 Qxd5 4. Nf3 Nf6 5. d4 Bg4 6. Be2 e6 7. O-O Nc6 8. Be3 cxd4 9. Nxd4 Bxe2 10. Qxe2 Nxd4 11. Bxd4 Be7 12. Nd2 O-O 13. Rfd1 Qc6 14. Qc4 {[%emt 0:04:15] B22: Sicilian: 2 c3.} Qxc4 15. Nxc4 {[%emt 0:00:06] [#]} Rfc8 $146 ({Predecessor:} 15... Nd5 16. Na5 b6 17. Nc6 Rfc8 18. Nxe7+ Nxe7 19. f3 b5 20. a4 a6 21. Ra3 Nd5 22. axb5 axb5 {½-½ (65) Can,E (2464)-Darini,P (2263) Vung Tau 2008}) 16. Bxf6 Bxf6 17. Nd6 Rc7 18. Nb5 Rc6 19. Nd6 Rb8 20. Kf1 Be7 21. Ne4 Rc7 22. Rd2 Kf8 23. Rad1 b5 24. Rd7 Rbb7 25. Rxc7 Rxc7 $11 {[%emt 0:00:07][%mdl 4096] Endgame KRB-KRN} 26. Ke2 f5 27. Ng3 g6 28. f3 Ke8 29. Kd3 Rc6 30. Ne2 e5 31. Kc2 a6 32. Rd5 Bd6 33. Kb3 Ke7 34. a4 Rb6 35. axb5 axb5 36. Kc2 Ke6 37. Rd1 Ra6 38. Re1 Kd7 39. Rd1 Ra4 40. h3 h5 41. Nc1 Kc6 42. Nb3 Bc7 43. Re1 g5 44. Ra1 Rh4 45. Rf1 Bb6 46. Re1 e4 47. fxe4 fxe4 48. Nd2 Kd5 49. g3 {[%emt 0:00:00] Inhibits Rf4.} Rxh3 50. Nxe4 g4 51. b3 Bc7 52. Re3 (52. Nf6+ $11 {keeps the balance.} Kd6 53. Ne8+ Kc6 54. Re6+ Kd7 55. Nxc7) 52... h4 53. Nf6+ (53. Re2 $17) 53... Kd6 (53... Kc6 $19 54. Nxg4 (54. Re6+ $2 Kb7 $19) 54... Rxg3 55. Re6+ Kb7) 54. Nxg4 $15 Rxg3 (54... hxg3 $15 55. Re2 Rh8) 55. Rxg3 $11 hxg3 $15 {[%emt 0:00:04] KB-KN} 56. Ne3 Ke5 57. Kd3 Kf4 58. Ke2 {[%emt 0:00:30] [#] aiming for Nd5+.} (58. Nd5+ Kf3 59. Ne3 (59. Nxc7 $2 g2 $19) 59... Bd8 $19) 58... Ke4 {[%emt 0:00:09] Against Nd5} 59. Ng2 Be5 60. Kd2 (60. c4 $11) 60... Bg7 $2 ({Black should try} 60... Kf3 $19 61. Ne1+ Kf2 62. Nd3+ Kf1 63. Nxe5 g2) 61. Ne1 $11 Bf6 62. c4 b4 63. Ke2 Be7 (63... Kd4 $5 64. Kd2 (64. Kf3 $2 Be5 $19) 64... Bg5+ 65. Ke2 Bd8 $17) 64. Nf3 Bc5 65. Ng5+ Kf5 66. Nf3 Kf4 {[%emt 0:01:26] [#] ( -> ...g2)} 67. Nh4 (67. Ne1 $11 Ke4 68. Nd3) 67... Ke4 $15 68. Ng2 Kd4 $1 69. Kd2 $1 Be7 {[%emt 0:01:12] Strongly threatening ...Bg5+.} 70. Ne1 $1 Bg5+ $1 71. Ke2 {[%emt 0:00:26] Threatens to win with Nf3+.} Kc3 ({Better is} 71... Bf4 $17 {And now ...Kc3 would win.} 72. Ng2 (72. Kf3 $2 Bb8 $19) 72... Bc7) 72. Kf3 $1 $11 {[%emt 0:01:20] The position is equal.} Bd2 73. c5 {[%emt 0:00:34][%cal Oc5c6] Hoping for c6!} Bg5 (73... Bxe1 $2 74. c6 $18) 74. c6 {[%emt 0:00:16] White wants to mate with c7.} Bd8 75. Kxg3 Kxb3 76. Nd3 {[%emt 0:00:06] Weighted Error Value: White=0.27 (precise) /Black=0.27 (precise)} 1/2-1/2

[Event "Czech Open-GM 2022"]
[Site "Pardubice"]
[Date "2022.07.23"]
[Round "2.11"]
[White "Dobrowolski, Piotr"]
[Black "Smolik, Jachym"]
[Result "1/2-1/2"]
[ECO "B12"]
[WhiteElo "2423"]
[BlackElo "2291"]
[Annotator "TA"]
[PlyCount "86"]
[EventDate "2022.07.22"]
[EventType "swiss"]
[EventCountry "CZE"]
[SourceTitle "playchess.com"]
[Source "ChessBase"]
[SourceQuality "1"]
[TimeControl "40/5400+30:1800+30"]

1. e4 c6 2. d4 d5 3. e5 c5 4. dxc5 e6 5. Qg4 h5 6. Qf4 {[%emt 0:00:13] B12: Caro-Kann: Advance Variation.} Bxc5 7. Bd3 Nh6 8. Nf3 {[%emt 0:06:02] White is slightly better.} Nc6 9. O-O {[%emt 0:06:23] [#]} Bb6 $146 (9... Nb4 $11) ({Predecessor:} 9... Nb4 10. Qg3 Kf8 11. Be3 Nxd3 12. cxd3 d4 13. Bxh6 Rxh6 14. Nbd2 b6 15. Ng5 Bb7 {1-0 (33) Oleksienko,M (2587)-Polivanov,A (2396) Lvov 2007}) 10. Qg3 Kf8 11. Nc3 a6 12. Ne2 Bc7 13. Bf4 Nb4 14. Ned4 Nxd3 15. cxd3 Bb6 16. Rac1 {[%emt 0:08:55] 0x0.001f23c9947bdp-1022s more active pieces. The black rooks are badly placed.} Nf5 $2 (16... h4 $16 {is a better chance.} 17. Qh3 Kg8) 17. Nxf5 $18 exf5 18. Bg5 {[%emt 0:05:36] Prevents h4.} Qd7 {[%emt 0:12:05] [#]} 19. Qh4 $2 (19. Bf6 $1 $18 {[%mdl 512] and the rest is easy.} gxf6 20. exf6) 19... Qb5 $2 (19... a5 $16 {is tougher.} 20. Rc2 Qe8) 20. a4 Qb3 (20... Qxb2 $142 21. Rb1 Bxf2+ 22. Qxf2 Qxf2+ 23. Rxf2 Kg8) 21. Nd2 $2 (21. Bd8 {Threatening mate with Qe7+.} f6 {[#]} 22. Bxf6 $1 ) 21... Qxb2 22. Be3 {[%emt 0:03:52] Inhibits Qd4.} (22. Nf3 $18 {is the precise move to win.}) 22... Ba5 $16 23. Rc5 Qb4 $14 24. Qxb4 Bxb4 25. Rc7 d4 26. Bg5 Ba5 27. Rc4 Be6 28. Rxd4 Bc3 {[%emt 0:00:09] A strong pair of Bishops.} 29. Rd6 (29. Rh4 $15 {should be considered.}) 29... Bxe5 $17 30. Rb6 Bd5 31. Rc1 Bc6 32. Nf3 Bc7 33. Rb4 f6 (33... Bd6 $17 34. Rb6 Re8) 34. Be3 $1 $11 Ba5 35. Rf4 (35. Rbb1 $1 $11 {remains equal.}) 35... g6 $36 {[%emt 0:00:50][%mdl 2048] Black is on the roll.} 36. Nd4 Bd7 (36... Be8 $17 37. Nb3 Bd8) 37. Nb3 $15 Bd8 38. Nc5 Bc6 39. Rd4 Be7 40. h4 (40. Nb3 $142) 40... Kf7 $17 {[%emt 0:02:19] Black is clearly better.} 41. a5 Rac8 42. Rdc4 Bd5 43. R4c2 Bxc5 {[%emt 0:09:35] What a bad dream for White.  Weighted Error Value: White=0.39/Black=0.43} (43... Rhe8 $17 44. f3 g5) 1/2-1/2

[Event "Czech Open-GM 2022"]
[Site "Pardubice"]
[Date "2022.07.23"]
[Round "2.12"]
[White "Savitha Shri B"]
[Black "Smith, Bryan"]
[Result "1-0"]
[ECO "B90"]
[WhiteElo "2278"]
[BlackElo "2421"]
[Annotator "TA"]
[PlyCount "61"]
[EventDate "2022.07.22"]
[EventType "swiss"]
[EventCountry "CZE"]
[SourceTitle "playchess.com"]
[Source "ChessBase"]
[SourceQuality "1"]
[TimeControl "40/5400+30:1800+30"]

1. e4 c5 2. Nf3 d6 3. d4 cxd4 4. Nxd4 Nf6 5. Nc3 a6 6. Be3 e5 7. Nb3 Be6 8. Qf3 {[%emt 0:00:06] B90: Sicilian Najdorf: Unusual White 6th moves, 6 Be3 Ng4 and 6 Be3 e5.} Nbd7 9. h3 Rc8 10. g4 {[%emt 0:05:26] [#] The position is equal.} Rxc3 $1 11. bxc3 d5 {[%emt 0:01:03] Threatening ...Qc7.} 12. Bd3 Qc7 13. O-O h5 14. g5 $1 (14. exd5 $2 hxg4 15. Qg3 Bxd5 $19) 14... dxe4 15. Bxe4 Nxe4 16. Qxe4 Bxh3 {[%emt 0:04:14] [#]} 17. g6 $146 ({Predecessor:} 17. Rfe1 g6 18. Nd2 Be7 19. Rab1 b6 20. Nc4 b5 21. Nb6 Nxb6 22. Bxb6 Qxb6 23. Qxe5 {½-½ (92) Savitha Shri,B (2230)-Djoric,D (2276) Novi Sad 2022}) 17... f5 (17... Bxf1 $17 18. gxf7+ Kxf7 19. Qd5+ Kf6 20. Qf3+ Kg6 21. Qe4+ (21. Kxf1 $2 Nf6 $19) 21... Kf7 22. Qd5+ Kf6 23. Rxf1 Qc6) 18. Qd5 $11 f4 19. Bxf4 exf4 (19... Bxf1 $2 20. Qf7+ Kd8 21. Bg5+ Be7 22. Bxe7+ Kc8 23. Qxg7 $18) 20. Rfe1+ $40 {[%emt 0:02:11][%cal Bf1e1,Be1e8,Be8f8,Bf8f7][%mdl 160] White has some attack.} Kd8 {[%emt 0:00:11] Hoping for ...Qb6.} 21. Na5 $1 Qb6 {[%emt 0:13:38] [#]} (21... Qxc3 $2 22. Nxb7+ (22. Rad1 Bc5 $11) 22... Kc7 23. Na5 $18) (21... Ba3 $1 $11) 22. Rab1 $1 $18 {[%emt 0:00:59][%mdl 64] Skewer} Qxg6+ 23. Kh2 {[%emt 0:00:06] Chess con chili.} f3 (23... Qg2+ {keeps fighting.} 24. Qxg2 Bxg2) 24. Nxb7+ Kc8 $2 {[%emt 0:03:42] [#]} (24... Kc7 25. Qc4+ {[#]} (25. Qxf3 Bg4 $15) 25... Bc5 $1) 25. Re8+ $3 Kc7 26. Qa5+ ({Less strong is} 26. Qc4+ Nc5 27. Qf4+ (27. Kxh3 $2 {is a self mate.} Qg2+ 28. Kh4 g5#) 27... Bd6 28. Qxd6+ Qxd6+ 29. Nxd6 Rh6 $18) 26... Nb6 27. Qe5+ Kc6 (27... Bd6 $142 28. Qxd6+ Qxd6+ 29. Nxd6 Rh6 30. Kxh3 Rxd6 31. Re7+ Kc6 32. Rxg7 a5) 28. Na5+ (28. Rg1 $142 Qf6 29. Qe4+ Kc7 30. Kxh3) 28... Kd7 29. Rd1+ Qd6 $2 (29... Bd6 $18 30. Rxd6+ Qxd6 31. Qxd6+ Kxd6 32. Rxh8 Bg4) 30. Rxf8 {[%emt 0:00:51][%csl Gd1][%cal Re5d6][%mdl 64] Pin} Qxd1 31. Rf7+ {[%emt 0:00:04] Weighted Error Value: White=0.34/Black=0.64} 1-0

[Event "Czech Open-GM 2022"]
[Site "Pardubice"]
[Date "2022.07.23"]
[Round "2.13"]
[White "Lalic, Bogdan"]
[Black "Winkelman, Albert"]
[Result "1/2-1/2"]
[ECO "E04"]
[WhiteElo "2412"]
[BlackElo "2278"]
[Annotator "TA"]
[PlyCount "43"]
[EventDate "2022.07.22"]
[EventType "swiss"]
[EventCountry "CZE"]
[SourceTitle "playchess.com"]
[Source "ChessBase"]
[SourceQuality "1"]
[TimeControl "40/5400+30:1800+30"]

1. d4 Nf6 2. c4 e6 3. Nf3 d5 4. g3 dxc4 5. Bg2 Bb4+ 6. Bd2 c5 {[%emt 0:00:19] E04: Open Catalan: 5 Nf3.} 7. Bxb4 cxb4 8. a3 O-O 9. axb4 Qb6 10. Na3 {[%emt 0:03:48] [#]} Qxb4+ $146 ({Predecessor:} 10... Bd7 11. Ne5 Bc6 12. O-O Bxg2 13. Kxg2 Nc6 14. Naxc4 Qxb4 15. Qd3 Qb5 16. Rfc1 Qd5+ {0-1 (78) Jacobson,B (2351)-Banawa,J (2401) Saint Louis 2018}) 11. Qd2 Nc6 12. Qxb4 $1 Nxb4 13. O-O Bd7 14. Nxc4 (14. Ne5 $16) 14... Bc6 15. Rfc1 Rfc8 16. Nfe5 Bxg2 17. Kxg2 {[%emt 0:00:04][%cal Oe5f7] And now Nxf7! would win.} Rd8 18. e3 Ne8 19. Na5 (19. Rc3 $5 ) 19... f6 20. Nf3 ({But not} 20. Nxb7 Rdb8 21. Nc5 fxe5 22. dxe5 a5 $17) 20... Nd6 21. Nd2 Rac8 22. Rc3 {[%emt 0:02:11] Weighted Error Value: White=0.14 (very precise) /Black=0.11 (very precise)} 1/2-1/2

[Event "Czech Open-GM 2022"]
[Site "Pardubice"]
[Date "2022.07.23"]
[Round "2.14"]
[White "Hrbek, Stepan"]
[Black "Jurcik, Marian"]
[Result "1/2-1/2"]
[ECO "A28"]
[WhiteElo "2272"]
[BlackElo "2409"]
[Annotator "TA"]
[PlyCount "36"]
[EventDate "2022.07.22"]
[EventType "swiss"]
[EventCountry "CZE"]
[SourceTitle "playchess.com"]
[Source "ChessBase"]
[SourceQuality "1"]
[TimeControl "40/5400+30:1800+30"]

1. c4 e5 2. Nc3 Nf6 3. Nf3 Nc6 4. e3 Bb4 5. Qc2 Bxc3 6. Qxc3 Qe7 7. b3 {[%emt 0:00:49] A28: English Opening: Four Knights Variation.} d5 $1 {[%emt 0:00:54] 7...d5 is better than 7...0-0.} (7... O-O $5 ) 8. d4 exd4 9. Nxd4 Nxd4 10. Qxd4 c5 11. Qf4 O-O 12. Bb2 d4 13. O-O-O dxe3 14. fxe3 Ng4 {[%emt 0:13:10] [#]} 15. Rd3 $146 ({Predecessor:} 15. Re1 f6 16. Bd3 Bd7 17. h3 Ne5 18. Bc2 Rfe8 19. g4 Bc6 20. Rhf1 Ng6 21. Qf5 {½-½ (55) Pavlov,S (2480)-Khusnutdinov,R (2491) Chess.com INT 2020}) 15... f6 {[%emt 0:03:04] The position is equal.} 16. Be2 Ne5 17. Rd2 Bd7 18. Bf3 Bc6 {[%emt 0:04:23] Weighted Error Value: White=0.07 (flawless) /Black=0.02 (flawless)} 1/2-1/2